AoeStats
← Kiritastrich

Arena

513829355Analyzed
1v1 RM · 3d ago on Oct 15, 2026· 18m 33s· 2 players
Game mode
Random Map
Map size
Tiny (2 player)
Population
200
Speed
Normal
Resources
Standard
Victory
Conquest
Starting age
Dark Age
Ending age
Imperial Age
RankedLock teamsTeams togetherTeam positionsShared explorationLock speedFull tech treeHidden civsTurbo modeCheats
Victory
Defeat
🇷🇺 Saxons · Russia
1870
+10
vs
🇨🇳 Magyars · China
1726
-10
4232
10:29 Feudal Age
14:36 Castle Age
12:24 Double-Bit Axe
13:01 Horse Collar
15:33 Bow Saw
16:14 Loom
Kiritastrich
0:55 Loom
9:47 Feudal Age
13:32 Castle Age
12:20 Loom
Connection lost

Rejoining the realm…

Still unreachable

The connection could not be restored.

Session expired

The server has moved on; the page needs a fresh start.